 Dungeon Crawl Stone Soup version 0.30-a0-457-g4b7bca3bfa (webtiles) character file.

Game seed: 11531164762033802017

71 pokeman the Magician (level 4, 0/25 HPs)
             Began as a Deep Elf Hedge Wizard on Dec 13, 2022.
             Succumbed to miscasting Mephitic Cloud's poison
             ... on level 3 of the Dungeon.
             The game lasted 00:04:57 (2798 turns).

pokeman the Magician (Deep Elf Hedge Wizard)        Turns: 2798, Time: 00:04:57

Health: 0/25       AC:  4    Str:  7    XL:     4   Next: 5%
Magic:  1/13       EV: 12    Int: 21    God:
Gold:   155        SH:  0    Dex: 14    Spells: 6/14 levels left

rFire   . . .      SeeInvis .    a - +0 dagger
rCold   + . .      Faith    .    (no shield)
rNeg    . . .      Spirit   .    m - +0 leather armour
rPois   .          Reflect  .    c - +0 hat
rElec   .          Harm     .    (no cloak)
rCorr   .          Rampage  .    (no gloves)
Will    .....                    l - +0 pair of boots
Stlth   ++........               (no amulet)
HPRegen 0.24/turn                f - ring of protection from cold
MPRegen 0.13/turn                (no ring)

@: lethally poisoned (0 -> -2), very slightly contaminated
A: no striking features
a: no special abilities


You were on level 3 of the Dungeon.
You visited 1 branch of the dungeon, and saw 3 of its levels.

You collected 155 gold pieces.

Inventory:

Hand Weapons
 a - a +0 dagger (weapon)
Armour
 c - a +0 hat (worn)
 l - a +0 pair of boots (worn)
 m - a +0 leather armour (worn)
Magical Staves
 i - a staff of poison
 k - a staff of earth
Jewellery
 f - a ring of protection from cold (left hand)
Wands
 p - a wand of paralysis (8)
Scrolls
 b - 2 scrolls of blinking {unknown}
 g - 3 scrolls of identify {unknown}
 h - 3 scrolls of poison {unknown}
 n - a scroll of acquirement {unknown}
 q - a scroll of vulnerability {unknown}
 s - a scroll of teleportation {unknown}
 t - a scroll of torment {unknown}
 u - a scroll of magic mapping {unknown}
Potions
 d - a potion of magic
 e - 5 potions of curing {unknown}
 j - a potion of mutation {unknown}
 o - a potion of berserk rage {unknown}
 r - a potion of degeneration {unknown}
 v - a potion of haste {unknown}


   Skills:
 - Level 1.0 Fighting
 - Level 1.0 Armour
 + Level 2.6 Dodging
 + Level 2.6 Stealth
 * Level 5.5 Spellcasting
 + Level 2.1 Conjurations
 - Level 1.1 Summonings
 - Level 1.1 Translocations


You had 6 spell levels left.
You knew the following spells:

 Your Spells              Type           Power      Damage    Failure   Level
a - Magic Dart            Conj           56%        1d5       6%          1
b - Mephitic Cloud        Conj/Pois/Air  8%         N/A       34%         3
c - Call Imp              Summ           10%        N/A       14%         2
d - Blink                 Tloc           20%        N/A       14%         2

Your spell library contained the following spells:

 Spells                   Type           Power      Damage    Failure   Level
 Slow                     Hex            20%        N/A       16%         1
 Cigotuvi's Dreadful Rot  Necr/Pois/Air  10%        N/A       22%         2
 Ozocubu's Armour         Ice            5%         N/A       41%         3
 Manifold Assault         Tloc           10%        N/A       67%         4
 Ozocubu's Refrigeration  Ice            2%         4d8       100%        7
 Storm Form               Tmut/Air       2%         N/A       100%        7


Dungeon Overview and Level Annotations

Branches:
Dungeon (3/15)

Altars:

Annotations:
D:3 Robin


Message History

You closely miss Robin. Robin hits you but does no damage.
You hit Robin.
Robin is lightly wounded.
Robin hits you but does no damage.
You hit Robin.
Robin is moderately wounded.
Robin closely misses you. Robin attacks as you move away!
Robin closely misses you.
Things that are here:
a +0 club; a goblin corpse; a hobgoblin corpse You swap places.
Robin completely misses your crimson imp.
Your crimson imp hits Robin.
Things that are here:
a +0 dagger; a goblin corpse Robin hits your crimson imp with a +0 short sword.
Your crimson imp hits Robin but does no damage.
Robin closely misses your crimson imp.
Your crimson imp hits Robin but does no damage.
Things that are here:
a +0 club; a +0 dagger; a goblin corpse Robin barely misses your crimson imp.
Your crimson imp blinks!
Your crimson imp disappears in a puff of smoke!
Casting: Magic Dart (safe; 6% risk of failure)
Confirm with . or Enter, or press ? or * to list all spells.
The spell is extremely dangerous to miscast (34% risk of failure)!
Continue anyway?
Aiming: Mephitic Cloud (extremely dangerous; 34% risk of failure)
Press: ? - help, Shift-Dir - straight line, f - Robin
Aim: Robin, wielding a +0 short sword, wearing a +1 animal skin and wearing a +0 helmet (heavily wounded, chance to affect: 91%)
You miscast Mephitic Cloud.
You are very lightly contaminated with residual magic.
You feel incredibly sick!
You are poisoned.
* * * LOW HITPOINT WARNING * * *
x2 You feel sick.
Unknown command.
* * * LOW HITPOINT WARNING * * *
You feel sick.
You die...

#######################
#...........@.)g)).ยง..#
##
#.##################.##
.# #.# .# .####.##### .#
.##.......# .#
.##.......# .#
.##.......# .#
.##.......# .#
........###


You could see Robin.

Vanquished Creatures
  2 adders (D:2)
  3 worms (D:3)
  6 ball pythons
  6 bats
  3 endoplasms
  2 giant cockroaches
  8 goblins
  3 hobgoblins
  A frilled lizard (D:3)
  3 kobolds
  4 rats
41 creatures vanquished.

Vanquished Creatures (collateral kills)
  A worm (D:2)
1 creature vanquished.

Grand Total: 42 creatures vanquished

Notes
Turn   | Place    | Note
-------+----------+-------------------------------------------
     0 | D:1      | pokeman the Deep Elf Hedge Wizard began the quest for the
                  | Orb.
     0 | D:1      | Reached XP level 1. HP: 10/10 MP: 7/7
   148 | D:1      | You fall into a shaft and drop 1 floor!
   977 | D:1      | Reached XP level 2. HP: 15/15 MP: 6/9
  1429 | D:2      | Reached skill level 5 in Spellcasting
  1429 | D:2      | Reached XP level 3. HP: 20/20 MP: 1/11
  1438 | D:2      | Learned a level 3 spell: Mephitic Cloud
  1441 | D:2      | Learned a level 2 spell: Call Imp
  1444 | D:2      | Learned a level 2 spell: Blink
  2169 | D:3      | Reached skill level 1 in Armour
  2273 | D:3      | Reached skill level 1 in Fighting
  2734 | D:3      | Noticed Robin
  2750 | D:3      | Reached XP level 4. HP: 20/25 MP: 4/13
  2797 | D:3      | HP: 1/25 [poisoned by miscasting Mephitic Cloud]
  2798 | D:3      | Succumbed to miscasting Mephitic Cloud's poison

Illustrated notes

Levels and vault maps discovered:
D:1:      dpeg_arrival_three_smaller_balls, layout_loops_ring,
          nicolae_hexahallways, roderic_lattice_a, minmay_tetromino_t4
D:2:      layout_loops_ring, minmay_pentomino_pile
D:3:      layout_basic, uniq_robin, uniq_jessica, uniq_natasha

Skill      XL: |  1  2  3 |
---------------+----------+-----
Spellcasting   | 5 |  5.5
Armour         | 1 |  1.0
Fighting       | 1 |  1.0
Conjurations   | 2 |  2.1
Dodging        | |  2.6
Stealth        | |  2.6
Summonings     | |  1.1
Translocations | |  1.1

Action                   |  1- 3 |  4- 6 || total
-------------------------+-------+-------++-------
Melee: Dagger            |    25 |    28 ||    53
 Cast: Magic Dart        |    92 |     2 ||    94
       Mephitic Cloud    |     2 |     1 ||     3
       Call Imp          |     1 |     1 ||     2
 Stab: Confused          |     4 |     1 ||     5
Armor: Leather armour    |     9 |     4 ||    13
Dodge: Dodged            |    18 |     6 ||    24

Table legend: (Time is in decaauts)
 A = Elapsed time spent in this place.
 B = Non-inter-level travel time spent in this place.
 C = Inter-level travel time spent in this place.
 D = Time resting spent in this place.
 E = Time spent auto-exploring this place.
 F = Levels seen in this place.
 G = Mean time per level.
                   A        B        C        D        E       F      G
               +--------+--------+--------+--------+--------+-----+--------+
         Total |   2796 |   2739 |     57 |    133 |   2265 |   3 |  932.0 |
       Dungeon |   2796 |   2739 |     57 |    133 |   2265 |   3 |  932.0 |
               +--------+--------+--------+--------+--------+-----+--------+

Top non-repeatable levels by time:
     D:1: 1107 daAuts
     D:2: 1048 daAuts
     D:3: 640 daAuts
